[Event "*** Titled Tuesday Blitz"]
[Site "Chess.com"]
[Date "2020.04.14"]
[Round "6"]
[White "mbachez"]
[Black "Bulldog167"]
[Result "0-1"]
[WhiteElo "2514"]
[BlackElo "2761"]
[TimeControl "180+1"]
[EndTime "11:03:05 PDT"]
[Termination "Bulldog167 won by resignation"]

1. e4 e6 2. d4 d5 3. Bd3 Nf6 4. e5 Nfd7 5. Nf3 c5 6. c3 Nc6 7.
O-O Be7 8. Re1 a5 9. a4 cxd4 10. cxd4 Nb4 11. Bf1 b6 12. Nc3 Ba6 13. Nb5 Rc8 14.
Bg5 Bxb5 15. Bxe7 Kxe7 16. Bxb5 Nc2 17. Qd2 Nxa1 18. Rxa1 h6 19. Qe3 Qc7 20. Qa3+ Kd8 21. h4 Nb8 22. Bd3 Nc6 23. Rc1 Qe7 24. Qa1 Nb4 25.
Bb5 Rc7 26. Rc3 Kc8 27. Qc1 Na2 28. Rxc7+ Qxc7 29. Qf4 Qc1+ 30. Qxc1+ Nxc1 31. Kf1 Kd8 32. Ke1 Ke7 33. Kd2 Na2 34. Ne1 Nb4 35. g3 f6 36. Nf3 Rc8 37. exf6+ gxf6 38. Ne1 e5 39. dxe5 fxe5 40. f3 Kf6 41. g4 e4 42. fxe4 dxe4 43. Ke3 Ke5 44. g5 hxg5 45. hxg5 Nd5+ 46. Ke2 Rg8 47. Nc2 Rxg5 0-1

[Event "*** Titled Tuesday Blitz"]
[Site "Chess.com"]
[Date "2020.04.14"]
[Round "6"]
[White "Medvezhlo"]
[Black "kekic76"]
[Result "0-1"]
[WhiteElo "2439"]
[BlackElo "2297"]
[TimeControl "180+1"]
[EndTime "11:03:05 PDT"]
[Termination "kekic76 won by resignation"]

1. d4 d5 2. c4 e6 3. Nf3 Nf6 4. Nc3 Be7 5. Bg5 O-O 6. e3 a6 7. a3 Nbd7 8. Qc2 dxc4 9. Bxc4 c5 10. Rd1 h6 11. Bh4 b5 12. Ba2 c4 13. O-O Bb7 14.
Ne5 Nxe5 15. dxe5 Nd7 16. Bb1 g6 17. Bg3 Qc7 18. f4 Nc5 19. f5 exf5 20. e6 Qc6 21.
Nd5 Qxe6 22. Nc7 Qxe3+ 23. Kh1 Ne4 24. Rde1 Qg5 25. Rxe4 Bxe4 26. Qf2 Bxb1 27. Nxa8 Bd3 28. Re1 Bf6 29. Nc7 Be4 30. Nxa6 Rd8 31. Nc5 Rd2 32. Nxe4 fxe4 33. Qf4 Qxf4 34. Bxf4 Rxb2 35. h3 g5 36. Bd6 c3 37. Rxe4 c2 38. Re8+ Kg7 39. Bf8+ Kg6 40. Rc8 Rb1+ 41. Kh2 c1=Q 42. Rxc1 Rxc1 43. Bb4 Be5+ 44.
g3 Rc2+ 45. Kg1 Bxg3 0-1

[Event "*** Titled Tuesday Blitz"]
[Site "Chess.com"]
[Date "2020.04.14"]
[Round "6"]
[White "Flawless_Fighter"]
[Black "SantoBlue"]
[Result "0-1"]
[WhiteElo "2611"]
[BlackElo "2805"]
[TimeControl "180+1"]
[EndTime "11:03:06 PDT"]
[Termination "SantoBlue won by resignation"]

1. e4 e5 2. Nf3 Nc6 3. Bb5 a6 4. Ba4 Nf6 5. O-O Be7 6. Re1 b5 7. Bb3 O-O 8. a4 Bb7 9. d3 d6 10.
Nc3 Na5 11. Ba2 b4 12. Nd5 Nxd5 13. Bxd5 c6 14. Ba2 Kh8 15. Bd2 c5 16. c3 b3 17.
Bxb3 Nxb3 18. Qxb3 Rb8 19. Qc2 f5 20. b4 c4 21. exf5 Bxf3 22. gxf3 cxd3 23. Qxd3 Qc8 24. f4 Rxf5 25. fxe5 Bh4 26. Re2 dxe5 27. Qe4 Bg5 28. Rd1 h6 29. Kh1 Bf4 30. Bxf4 Rxf4 31. Qxe5 Qc6+ 32. Rd5 Rbf8 33. Kg1 Qg6+ 34. Kf1 Qb1+ 35. Kg2 Rg4+ 36. Kh3 Qg6 37. Rd6 Rf3+ 38. Qg3 Rgxg3+ 39. hxg3 Qxd6 0-1

[Event "*** Titled Tuesday Blitz"]
[Site "Chess.com"]
[Date "2020.04.14"]
[Round "6"]
[White "fmshawnrl123"]
[Black "Sashadav97"]
[Result "1-0"]
[WhiteElo "2770"]
[BlackElo "2598"]
[TimeControl "180+1"]
[EndTime "11:03:06 PDT"]
[Termination "fmshawnrl123 won by resignation"]

1. c4 e6 2. g3 d5 3. Bg2 c5 4. cxd5 exd5 5. d4 Nf6 6. Nf3 Nc6 7. Nc3 cxd4 8. Nxd4 Bc5 9. Nxc6 bxc6 10. O-O O-O 11.
Qc2 Bb6 12. Na4 Bd7 13. Nc5 Bg4 14. Be3 Qe7 15. Rac1 Rfe8 16. b4 Rac8 17. Rfd1 Bh5 18. a4 Ng4 19. Bd4 Ne5 20. a5 Bc7 21. f3 Bg6 22.
Qc3 h5 23. Bh3 Rcd8 24. Bf1 h4 25. f4 Ng4 26. Bxg7 hxg3 27. hxg3 Qe3+ 28. Qxe3 Nxe3 29. Bf6 Rc8 30. Rd2 Nc4 31. Ra2 Re3 32. Kf2 Rce8 33.
Bg2 Bh5 34. g4 Bxg4 35. Rh1 Rxe2+ 36. Rxe2 Rxe2+ 37. Kg3 Rxg2+ 38. Kxg2 Ne3+ 39. Kg1 1-0

[Event "*** Titled Tuesday Blitz"]
[Site "Chess.com"]
[Date "2020.04.14"]
[Round "6"]
[White "Rodalquilar"]
[Black "elohunter1999"]
[Result "1-0"]
[WhiteElo "2627"]
[BlackElo "2479"]
[TimeControl "180+1"]
[EndTime "11:03:06 PDT"]
[Termination "Rodalquilar won by resignation"]

1. d4 Nf6 2. Nf3 d5 3. Bf4 c5 4.
e3 Nc6 5. Nbd2 e6 6. c3 Bd6 7.
Bg3 O-O 8. Bd3 b6 9. Qe2 Bb7 10.
Rd1 Re8 11. e4 Nh5 12. e5 Be7 13. a3 g6 14. Nf1 f5 15. exf6 Bxf6 16. Ne3 e5 17.
dxe5 Nxe5 18. Bb5 Nxg3 19. hxg3 Re7 20. Nxe5 Bxe5 21. Nxd5 Bxc3+ 22. Nxc3 Rxe2+ 23. Bxe2 Qe7 24. O-O Rd8 25. Bc4+ Kg7 26. Rde1 Qf6 27. Re6 Qf8 28. Rfe1 Rd7 29. Re8 Qd6 30. Rg8+ Kh6 31. Kh2 Qc6 32.
f3 Rd2 33. Rh1 Kg5 34. Ne4+ Qxe4 35. fxe4 Bxe4 36. Rg1 Rxb2 37. Re8 Bf5 38. Be6 Re2 39. Bd7 Rxe8 40. Bxe8 c4 41. Rc1 Be6 42. Bb5 1-0

[Event "*** Titled Tuesday Blitz"]
[Site "Chess.com"]
[Date "2020.04.14"]
[Round "6"]
[White "chessdjw"]
[Black "aakankshachess"]
[Result "1-0"]
[WhiteElo "2619"]
[BlackElo "2449"]
[TimeControl "180+1"]
[EndTime "11:03:07 PDT"]
[Termination "chessdjw won by resignation"]

1. e4 c5 2. Nf3 d6 3. d4 cxd4 4.
Nxd4 Nf6 5. Nc3 a6 6. Be3 g6 7. f3 Bg7 8. Qd2 Nc6 9. O-O-O Nxd4 10. Bxd4 O-O 11. Kb1 b5 12. g4 Be6 13. h4 Qa5 14. b3 Rac8 15. Nd5 Qxd2 16. Nxe7+ Kh8 17. Rxd2 Rc7 18. h5 h6 19. hxg6 Rxe7 20. g5 fxg6 21.
gxf6 Bxf6 22. Bxf6+ Rxf6 23. Rxd6 Kg7 24. Be2 h5 25. Rxa6 Bd7 26. Rxf6 Kxf6 27. Kb2 Ke5 28. Rg1 Re6 29. Bf1 Kf4 30. Bh3 Rd6 31. Bxd7 Rxd7 32. Rxg6 Kxf3 33. e5 Re7 34. e6 h4 35. Kc3 h3 36.
Kb4 h2 37. Rh6 Kg2 38. Kxb5 Rxe6 39. Rxh2+ Kxh2 40. c4 Kg3 41. c5 Kf4 42. c6 Re8 43. c7 Ke5 44. Kc6 Ke6 45. b4 Rc8 46. b5 Ke7 47. b6 Ra8 48. b7 Rxa2 49. c8=Q Ra6+ 50. Kb5 Rd6 51. Qc7+ Rd7 52. Qxd7+ Kxd7 53. b8=Q Ke6 54. Qf4 Kd5 55. Qe3 Kd6 56. Qe4 Kd7 57. Qe5 1-0

[Event "*** Titled Tuesday Blitz"]
[Site "Chess.com"]
[Date "2020.04.14"]
[Round "6"]
[White "Vojtastr"]
[Black "anesar92"]
[Result "1/2-1/2"]
[WhiteElo "2482"]
[BlackElo "2680"]
[TimeControl "180+1"]
[EndTime "11:03:07 PDT"]
[Termination "Game drawn by stalemate"]

1. c4 Nf6 2. Nc3 c5 3. Nf3 g6 4. d4 cxd4 5. Nxd4 Nc6 6. e4 Bg7 7. Be3 d6 8. f3 O-O 9. Qd2 a5 10.
Be2 a4 11. O-O Nxd4 12. Bxd4 Qa5 13. Rac1 Be6 14. Rfd1 Rfc8 15. b3 axb3 16. axb3 Qb4 17. Bxf6 Bxf6 18. Nd5 Qxd2 19. Nxf6+ Kg7 20. Rxd2 Kxf6 21.
b4 Ra4 22. Rb2 Ra3 23. Kf2 Rca8 24. c5 dxc5 25. bxc5 R8a7 26. Rcb1 Rc3 27. Rxb7 Rxb7 28. Rxb7 Rxc5 29. Rb2 g5 30. Ke3 Ke5 31. Rb5 Rxb5 32. Bxb5 f5 33. exf5 Bxf5 34. Be2 h5 35. g3 h4 36. Bb5 Be6 37. Be2 Kf6 38. Bd3 Bh3 39. Be2 e5 40. Bd3 Bg2 41. Bc4 Ke7 42. Bd3 Kd6 43. Be2 hxg3 44. hxg3 e4 45. f4 gxf4+ 46. gxf4 Ke7 47. Bg4 Kf6 48. Bd7 Bf3 49. Bc8 Bg2 50. Bb7 Kf5 51. Bc6 Bf3 52. Bd5 Bg2 53. Bg8 Bf3 54.
Bh7+ Kf6 55. Bxe4 Bxe4 56. Kxe4 Ke6 57. f5+ Kf6 58. Kf4 Kf7 59. Ke5 Ke7 60. f6+ Kf7 61.
Kf5 Kf8 62. Kg6 Kg8 63. f7+ Kf8 64. Kf6 1/2-1/2

[Event "*** Titled Tuesday Blitz"]
[Site "Chess.com"]
[Date "2020.04.14"]
[Round "6"]
[White "Y0ung_Capablanca"]
[Black "MaximDlugy"]
[Result "1-0"]
[WhiteElo "2707"]
[BlackElo "2881"]
[TimeControl "180+1"]
[EndTime "11:03:08 PDT"]
[Termination "Y0ung_Capablanca won by resignation"]

1. d4 d5 2. c4 dxc4 3. e4 e5 4. Nf3 Bb4+ 5. Bd2 Bxd2+ 6. Qxd2 exd4 7. Nxd4 Ne7 8. Bxc4 Nbc6 9. Nxc6 Qxd2+ 10. Nxd2 Nxc6 11. O-O-O Be6 12. f3 Ke7 13. Bxe6 fxe6 14. Nc4 Rad8 15.
Rxd8 Rxd8 16. Rd1 Rxd1+ 17. Kxd1 b5 18. Ne3 Nd4 19. Kd2 c5 20. Ng4 Kd6 21. h4 c4 22.
h5 h6 23. f4 b4 24. Ne5 Kc5 25. g4 c3+ 26. bxc3 bxc3+ 27. Kxc3 Ne2+ 28. Kd3 Nxf4+ 29. Ke3 Nh3 30. Nd7+ Kb4 31. Kd4 Ng5 32. Nc5 a5 33. Nb7 a4 34. e5 Nf3+ 35. Ke4 Nd2+ 36. Kd4 a3 37. Nd8 Nb3+ 38. Kd3 Nc5+ 39. Kd4 Kb5 40.
Kc3 Kb6 41. Kb4 Nd3+ 42. Kxa3 Nf4 43. Kb4 Kc7 44. Nf7 Nd3+ 45. Kc4 Nf2 46. g5 hxg5 47. Nxg5 Kd7 48. a4 Ng4 49. Kd4 Nh6 50. a5 Nf5+ 51.
Kc5 Ne7 52. a6 Nc8 53. Nf7 Kc7 54. Nd6 Na7 55. Nb5+ Nxb5 56. Kxb5 1-0

[Event "*** Titled Tuesday Blitz"]
[Site "Chess.com"]
[Date "2020.04.14"]
[Round "6"]
[White "Skatchkov_V"]
[Black "WIDBIFS"]
[Result "1-0"]
[WhiteElo "2562"]
[BlackElo "2760"]
[TimeControl "180+1"]
[EndTime "11:03:08 PDT"]
[Termination "Skatchkov_V won by resignation"]

1. d4 Nf6 2. Nf3 g6 3. g3 Bg7 4. Bg2 O-O 5. O-O d6 6. c4 Nc6 7. Nc3 Bf5 8. Bg5 Ne4 9. Nxe4 Bxe4 10. d5 Na5 11. b3 c5 12. Qd2 Bxf3 13. exf3 Bf6 14.
Bh6 Re8 15. Rae1 b5 16. Re4 bxc4 17. bxc4 Rb8 18. h4 Rb2 19. Qe3 Rc2 20. Qf4 Be5 21. Rxe5 dxe5 22. Qxe5 f6 23. Qe6+ Kh8 24. h5 Rg8 25. Re1 Nxc4 26. hxg6 Rxg6 27. Bf4 Nb6 28. d6 exd6 29. Qf7 Qg8 30. Re8 Qxe8 31. Qxe8+ Kg7 32.
Qe7+ Kg8 33. Bh3 1-0

[Event "*** Titled Tuesday Blitz"]
[Site "Chess.com"]
[Date "2020.04.14"]
[Round "6"]
[White "earling8018"]
[Black "ambaixador"]
[Result "0-1"]
[WhiteElo "2034"]
[BlackElo "2376"]
[TimeControl "180+1"]
[EndTime "11:03:08 PDT"]
[Termination "ambaixador won on time"]

1. d4 d5 2. c4 e6 3. Nc3 Nf6 4. Nf3 Be7 5. Bg5 O-O 6. e3 h6 7.
Bh4 b6 8. cxd5 Nxd5 9. Bg3 Bb7 10. Be2 Nxc3 11. bxc3 c5 12. O-O Nd7 13. Rc1 Rc8 14.
Qa4 Ra8 15. c4 Qc8 16. Rfd1 Rd8 17. d5 exd5 18. cxd5 Nf6 19. d6 Bf8 20. Qb3 Ne4 21. Ne5 Qf5 22. Bc4 Nxd6 23. Rxd6 Rxd6 24. Nxf7 Rd5 25.
Nd6 Bxd6 26. Bxd6 Kh8 27. Bg3 Rd2 28. f3 Rad8 29. e4 Qg5 30. a4 Rxg2+ 31. Kxg2 Qxc1 32.
Bf7 Qd2+ 33. Kh3 Qd3 0-1

[Event "*** Titled Tuesday Blitz"]
[Site "Chess.com"]
[Date "2020.04.14"]
[Round "6"]
[White "Egorov_Pavel"]
[Black "narutosmith"]
[Result "0-1"]
[WhiteElo "2391"]
[BlackElo "2215"]
[TimeControl "180+1"]
[EndTime "11:03:09 PDT"]
[Termination "narutosmith won by checkmate"]

1. d4 Nf6 2. c4 e6 3. Nc3 Bb4 4. e3 O-O 5. Nf3 c5 6. Bd3 Nc6 7. O-O cxd4 8. exd4 d5 9. a3 Bxc3 10. bxc3 dxc4 11. Bxc4 b6 12. Bg5 h6 13. Bh4 g5 14.
Bg3 Ne4 15. d5 Na5 16. Ba2 Nxc3 17. Qd4 Ne2+ 18. Kh1 Nxd4 19. Nxd4 Bb7 20. Rad1 Bxd5 21.
Nb5 Bxa2 22. Rxd8 Raxd8 23. Nd6 Rd7 24. Ne4 Kg7 25. Be5+ f6 26. Bc3 e5 27. Ng3 Be6 28.
h4 Rfd8 29. hxg5 hxg5 30. Ne4 Rd1 31. Rxd1 Rxd1+ 32. Kh2 Nc4 33. a4 Bd7 34. f3 Bxa4 35.
Nf2 Rc1 36. Bb4 Ne3 37. Kh3 Bd7+ 38. g4 Rf1 39. Kg3 Rg1+ 40. Kh3 Nf1 41. Ne4 Bc6 42.
Be1 Bxe4 43. fxe4 a5 44. Bxa5 Rg3# 0-1

[Event "*** Titled Tuesday Blitz"]
[Site "Chess.com"]
[Date "2020.04.14"]
[Round "6"]
[White "Ar4uha"]
[Black "K_A_S_T_O_R"]
[Result "1/2-1/2"]
[WhiteElo "2658"]
[BlackElo "2828"]
[TimeControl "180+1"]
[EndTime "11:03:10 PDT"]
[Termination "Game drawn by repetition"]

1. e4 e6 2. d4 d5 3. Nc3 Bb4 4. e5 c5 5. a3 Bxc3+ 6. bxc3 Ne7 7. Qg4 cxd4 8. Qxg7 Rg8 9. Qxh7 Qc7 10. Ne2 dxc3 11.
f4 Nbc6 12. Qd3 d4 13. Nxd4 Nxd4 14. Qxd4 Bd7 15. g3 Nf5 16. Qf2 Bc6 17. Rg1 O-O-O 18. Bd3 Nd4 19. Be3 Nf3+ 20. Ke2 Nxg1+ 21. Rxg1 Qa5 22.
Bxa7 Qxa3 23. Bc5 Qa2 24. Bd6 Kd7 25. Qc5 Rc8 26. Qe3 Ra8 27. f5 Qd5 28. Qf2 exf5 29. Qxf5+ Ke8 30. Rf1 Bb5 31. Qxf7+ Qxf7 32. Bxb5+ Qd7 33.
Bxd7+ Kxd7 34. Rf7+ Ke6 35. Rxb7 Rh8 36. h4 Rhg8 37. Kf3 Ra2 38. Re7+ Kd5 39. Rc7 Rxc2 40. g4 Rc1 41. Rc5+ Ke6 42. Rc6 Kd5 43. Rc5+ Ke6 44.
Rc6 Kd5 45. Rc5+ 1/2-1/2

[Event "*** Titled Tuesday Blitz"]
[Site "Chess.com"]
[Date "2020.04.14"]
[Round "6"]
[White "yudinetz"]
[Black "Ginger_GM"]
[Result "0-1"]
[WhiteElo "2435"]
[BlackElo "2605"]
[TimeControl "180+1"]
[EndTime "11:03:10 PDT"]
[Termination "Ginger_GM won on time"]

1. e4 c5 2. Nf3 d6 3. d4 cxd4 4. Nxd4 Nf6 5. Nc3 g6 6. Be3 Bg7 7. f3 Nc6 8. Qd2 Bd7 9. Bc4 O-O 10. O-O-O Ne5 11. Bb3 b5 12. Ndxb5 Qb8 13. a4 Rc8 14.
Kb1 Nc4 15. Bxc4 Rxc4 16. b3 Rc8 17. Bd4 a6 18. Na3 Qb7 19. Ka2 Rab8 20. Rb1 Qb4 21. Rhd1 e5 22. Bxe5 dxe5 23. Nd5 Nxd5 24. exd5 Rc3 25. d6 e4 26. fxe4 Rbc8 27. Qe2 Bxa4 28. e5 Bb5 29. Qd2 Bxe5 30. g3 Bd7 0-1

[Event "*** Titled Tuesday Blitz"]
[Site "Chess.com"]
[Date "2020.04.14"]
[Round "6"]
[White "Chessalary"]
[Black "UCantHandleDenker"]
[Result "0-1"]
[WhiteElo "2305"]
[BlackElo "2577"]
[TimeControl "180+1"]
[EndTime "11:03:10 PDT"]
[Termination "UCantHandleDenker won by resignation"]

1. e4 c5 2. Nf3 d6 3. d4 cxd4 4. Nxd4 Nf6 5. Nc3 g6 6. Be3 Bg7 7. f3 O-O 8. Qd2 Nc6 9. O-O-O Bd7 10. Kb1 Ne5 11. g4 Rc8 12. h4 Qa5 13. Nd5 Qxd2 14.
Nxe7+ Kh8 15. Rxd2 Rce8 16. Nd5 Nxd5 17. exd5 Nxf3 18.
Nxf3 Rxe3 19. Bg2 Bxg4 20. Ng5 Bf5 21. Rf1 h6 22. Nf3 Rfe8 23. a3 Kg8 24. Rff2 h5 25. Ng5 Bh6 26. Nf3 Rxf3 27. Bxf3 Bxd2 28. Rxd2 Re1+ 29.
Ka2 Re3 30. Bg2 Rg3 31. b4 b6 32. c4 Rc3 33. Bf1 Kf8 34. Kb2 Rf3 35. Be2 Rf2 36. Kc3 Ke7 37. c5 bxc5 38. bxc5 dxc5 39.
d6+ Kd8 40. Kc4 Bg4 41. Kd3 Rxe2 42. Rxe2 Bxe2+ 43. Kxe2 Kd7 0-1

[Event "*** Titled Tuesday Blitz"]
[Site "Chess.com"]
[Date "2020.04.14"]
[Round "6"]
[White "kingnb"]
[Black "Haridaskesavan"]
[Result "1-0"]
[WhiteElo "2419"]
[BlackElo "2218"]
[TimeControl "180+1"]
[EndTime "11:03:10 PDT"]
[Termination "kingnb won by resignation"]

1. e4 e5 2. Nf3 Nc6 3. Bc4 Nf6 4. d3 Bc5 5. c3 Qe7 6. O-O d6 7. a4 a5 8. d4 Bb6 9. d5 Nd8 10. Bd3 O-O 11. Na3 h6 12. Nc4 Bc5 13. Be3 b6 14. Qd2 Nh7 15. b4 axb4 16. cxb4 Bxe3 17. Nxe3 g6 18.
Rfc1 f5 19. a5 bxa5 20. bxa5 f4 21. Nf1 g5 22. Qc3 Ra7 23. a6 g4 24. Ne1 Qh4 25. Qb4 Ra8 26. Rxc7 Nf7 27. a7 g3 28. Nf3 gxh2+ 29. N1xh2 Qh5 30. Ba6 Bg4 31. Bb7 Nfg5 32.
Nxg5 Nxg5 33. Bxa8 Rxa8 34. Qb8+ Qe8 35. Qxe8+ 1-0

[Event "*** Titled Tuesday Blitz"]
[Site "Chess.com"]
[Date "2020.04.14"]
[Round "6"]
[White "MikeSailer"]
[Black "FeketeBarika"]
[Result "1-0"]
[WhiteElo "2122"]
[BlackElo "2277"]
[TimeControl "180+1"]
[EndTime "11:03:10 PDT"]
[Termination "MikeSailer won by resignation"]

1. d4 e6 2. Bf4 Nf6 3. e3 c5 4.
Nf3 b6 5. c3 Bb7 6. h3 Be7 7.
Nbd2 O-O 8. Be2 cxd4 9. exd4 d6 10. O-O Nbd7 11. Re1 Re8 12. a4 a6 13. Nc4 Qc7 14. Bd3 Rac8 15. Bh2 Bf8 16. Ne3 e5 17. Bc2 Bxf3 18.
Qxf3 exd4 19. cxd4 Rxe3 20. Qxe3 Nd5 21. Bxh7+ Kxh7 22. Qe4+ Kg8 23. Qxd5 Nf6 24. Qf5 Qc4 25. Bg3 Qxd4 26.
Qxc8 Ne4 27. Rxe4 Qxe4 28. Bxd6 1-0

[Event "*** Titled Tuesday Blitz"]
[Site "Chess.com"]
[Date "2020.04.14"]
[Round "6"]
[White "VishnuPrasanna"]
[Black "GMBenjaminBok"]
[Result "1-0"]
[WhiteElo "2700"]
[BlackElo "2854"]
[TimeControl "180+1"]
[EndTime "11:03:11 PDT"]
[Termination "VishnuPrasanna won by resignation"]

1. d4 Nf6 2. c4 e6 3. Nf3 d5 4. g3 Bb4+ 5. Bd2 Be7 6. Bg2 O-O 7. O-O c6 8. b4 dxc4 9. Qc2 b5 10. a4 Bb7 11. Ne5 Qxd4 12. Bc3 Qb6 13. Rd1 Qc7 14.
Nd2 Nd5 15. Ndf3 Nxc3 16. Qxc3 Na6 17. Rd7 Bxb4 18. Qc2 f6 19. axb5 cxb5 20. Rxc7 Nxc7 21. Ng5 fxg5 22. Bxb7 Rae8 23. Be4 Bc5 24. Bxh7+ Kh8 25. e3 Nd5 26. Bg6 Re7 27. Qd1 Kg8 28. Ra5 Bb6 29. Rxb5 Nf6 30. Nxc4 Bc7 31. Rxg5 e5 32. Nd2 Rd8 33. Qb3+ Kf8 34. Ne4 Nxe4 1-0

[Event "*** Titled Tuesday Blitz"]
[Site "Chess.com"]
[Date "2020.04.14"]
[Round "6"]
[White "marianokar"]
[Black "AlRayyan2022"]
[Result "1-0"]
[WhiteElo "2379"]
[BlackElo "2591"]
[TimeControl "180+1"]
[EndTime "11:03:11 PDT"]
[Termination "marianokar won by resignation"]

1. d4 Nf6 2. Nf3 c5 3. c4 cxd4 4. Nxd4 e5 5. Nb5 d5 6. cxd5 a6 7. N5c3 Bc5 8. g3 O-O 9. Bg2 Bf5 10. O-O e4 11. Bg5 Re8 12. Nd2 Bd4 13. Ndxe4 Bxe4 14. Qxd4 Bxg2 15. Bxf6 gxf6 16. Kxg2 Nd7 17. e4 Rc8 18.
Rac1 Ne5 19. f4 Rc4 20. Qd1 Nd7 21.
b3 Rc8 22. Qd4 Qa5 23. Rf2 Qa3 24. Rfc2 b5 25. Ne2 Rcd8 26. g4 Nf8 27. Ng3 Ng6 28. Nh5 Rd6 29. Nxf6+ Rxf6 30. Qxf6 h6 31. Rc8 Qxa2+ 32.
R1c2 1-0

[Event "*** Titled Tuesday Blitz"]
[Site "Chess.com"]
[Date "2020.04.14"]
[Round "6"]
[White "Malev212"]
[Black "tandaleo"]
[Result "1-0"]
[WhiteElo "2533"]
[BlackElo "2338"]
[TimeControl "180+1"]
[EndTime "11:03:12 PDT"]
[Termination "Malev212 won on time"]

1. c4 e6 2. g3 d5 3. Nf3 Nf6 4. Bg2 dxc4 5. Qc2 b5 6. a4 c6 7. axb5 cxb5 8. Nd4 Qxd4 9. Bxa8 Nd5 10. Nc3 Nb4 11.
Qd1 Bc5 12. O-O O-O 13. Nxb5 Qf6 14. Nxa7 e5 15. Nxc8 Rxc8 16. Bg2 Nd7 17. b3 Nb6 18. Bb2 Rd8 19. Qc1 Qg5 20. bxc4 Qxd2 21. Qxd2 Rxd2 22.
Bc3 Rxe2 23. Bxb4 Bxb4 24. Rfb1 Bc5 25. Rxb6 g6 26. Rb8+ Kg7 27. Rf1 h5 28. Bd5 Bd4 29. Rb7 Kh6 30. Rxf7 h4 31. Kg2 g5 32. g4 Rb2 33.
Ra1 1-0

[Event "*** Titled Tuesday Blitz"]
[Site "Chess.com"]
[Date "2020.04.14"]
[Round "6"]
[White "MartinMatthiesen"]
[Black "Lysiak_Poltorak"]
[Result "1-0"]
[WhiteElo "2426"]
[BlackElo "2245"]
[TimeControl "180+1"]
[EndTime "11:03:12 PDT"]
[Termination "MartinMatthiesen won by resignation"]

1. d4 Nf6 2. c4 e6 3. Nf3 Bb4+ 4. Bd2 Qe7 5. g3 Bxd2+ 6. Qxd2 d5 7. Bg2 Nc6 8. O-O Qb4 9. Rc1 Qxd2 10. Nbxd2 O-O 11.
e3 Bd7 12. Nb3 dxc4 13. Nc5 Rab8 14. Nd2 Na5 15. Nxc4 Nxc4 16. Rxc4 Bc8 17. Rac1 c6 18. b4 Bd7 19. a4 Rfd8 20. a5 Be8 21. a6 b5 22. R4c2 Nd5 23. Rb2 Rb6 24. h4 Kf8 25. e4 Nc7 26. Ra2 Ke7 27. Rd1 f6 28. Rad2 Nxa6 29.
Ra2 Nb8 30. Rxa7+ Nd7 31. Bh3 Kf8 32. Nxe6+ Ke7 33. Nxd8 Kxd8 34. d5 cxd5 35. Rxd5 1-0

[Event "*** Titled Tuesday Blitz"]
[Site "Chess.com"]
[Date "2020.04.14"]
[Round "6"]
[White "mishanick"]
[Black "Aygehovit1992"]
[Result "0-1"]
[WhiteElo "2985"]
[BlackElo "2737"]
[TimeControl "180+1"]
[EndTime "11:03:13 PDT"]
[Termination "Aygehovit1992 won by resignation"]

1. d4 g6 2. c4 Bg7 3. Nc3 d6 4. e4 Nc6 5. Be3 e5 6. d5 Nd4 7. Nge2 Nxe2 8. Bxe2 f5 9. f3 Bh6 10. Bf2 Nf6 11. c5 O-O 12. O-O Nh5 13. exf5 gxf5 14. g3 Qg5 15. Kh1 Qg6 16. Nb5 Rf7 17. f4 Ng7 18. cxd6 cxd6 19. fxe5 dxe5 20. d6 Bd7 21.
Rc1 Bxc1 22. Qxc1 Rc8 23. Qd1 Qe6 24. Nxa7 Rd8 25. Kg1 f4 26. Bf3 e4 27. Re1 e3 28.
Bxe3 fxe3 29. Bd5 Qg4 30. Bxf7+ Kxf7 31. Qd5+ Be6 32. Qxb7+ Rd7 33. Qb6 Nf5 34. Nc6 Qe4 35. Nd8+ Rxd8 36. Qxd8 Bd5 37. Qc7+ Kg6 0-1

[Event "*** Titled Tuesday Blitz"]
[Site "Chess.com"]
[Date "2020.04.14"]
[Round "6"]
[White "desni93"]
[Black "ridnani2021"]
[Result "0-1"]
[WhiteElo "2214"]
[BlackElo "1771"]
[TimeControl "180+1"]
[EndTime "11:03:13 PDT"]
[Termination "ridnani2021 won by checkmate"]

1. g3 g6 2. Bg2 Bg7 3. e4 Nf6 4. d4 d6 5. Nc3 O-O 6. Nge2 Nbd7 7. O-O c5 8. d5 a6 9. a4 Rb8 10. a5 b6 11. axb6 Nxb6 12. h3 Nc4 13. Ra2 Nd7 14. g4 Qb6 15. Ng3 Na5 16. h4 Ne5 17. Bh3 h5 18. f3 hxg4 19. Bxg4 Bxg4 20. fxg4 Nac4 21. Kg2 e6 22. h5 Qd8 23. Rxa6 Qh4 24. Rh1 Qxg4 25.
Qxg4 Nxg4 26. hxg6 fxg6 27. dxe6 Rf2+ 28. Kg1 Bd4 29.
Rh4 Rh2+ 30. Kf1 Rxh4 31. Nd5 Nge3+ 32. Bxe3 Nxe3+ 33. Ke2 Nxd5 34. exd5 Rh5 35. c4 Re5+ 36. Kf3 Rb3+ 37. Kg4 Ree3 38. Nf1 Re4+ 39. Kg5 Rxb2 40. Kxg6 Rg2+ 41. Kf5 Re5+ 42. Kf4 Rf2+ 43. Kg4 Rxf1 44. Rxd6 Re2 45. Kg3 Be5+ 46. Kg4 Bxd6 47. e7 Bxe7 48. d6 Bxd6 49. Kg5 Rg2+ 50. Kh6 Rh1# 0-1

[Event "*** Titled Tuesday Blitz"]
[Site "Chess.com"]
[Date "2020.04.14"]
[Round "6"]
[White "tornikesanikidze"]
[Black "platy3"]
[Result "0-1"]
[WhiteElo "2366"]
[BlackElo "2744"]
[TimeControl "180+1"]
[EndTime "11:03:14 PDT"]
[Termination "platy3 won on time"]

1. d4 Nf6 2. c4 e6 3. Nf3 d5 4.
Nc3 dxc4 5. e4 b5 6. e5 Nd5 7.
Nxb5 Nb6 8. Nc3 Nc6 9. Be2 Be7 10.
O-O O-O 11. Be3 Rb8 12. Nd2 Nxd4 13. Bxc4 Nf5 14. Bxb6 axb6 15. Nb3 Bb7 16. Qe2 Qe8 17. Bb5 c6 18. Bd3 c5 19. Be4 Bxe4 20. Nxe4 Qc6 21.
Rfd1 Rfd8 22. Rac1 Ra8 23. a3 Qa4 24. Qc2 Qc6 25. Qe2 h6 26. h3 Qa4 27. Qc2 Qb5 28. Nc3 Qc4 29. Rxd8+ Rxd8 30. Rd1 Nd4 31. Nxd4 cxd4 32.
Qe2 Qc5 33. Nb1 Rd5 34. f4 d3+ 35. Qf2 Qc2 0-1

[Event "*** Titled Tuesday Blitz"]
[Site "Chess.com"]
[Date "2020.04.14"]
[Round "6"]
[White "Gareth-Bale11"]
[Black "11kevin"]
[Result "0-1"]
[WhiteElo "2787"]
[BlackElo "2566"]
[TimeControl "180+1"]
[EndTime "11:03:14 PDT"]
[Termination "11kevin won on time"]

1. e4 e5 2. Nf3 Nc6 3. Bb5 a6 4. Ba4 Nf6 5. O-O Be7 6. d3 b5 7.
Bb3 O-O 8. a4 Bb7 9. Nc3 b4 10.
Nd5 Na5 11. Ba2 Nxd5 12. Bxd5 c6 13. Ba2 Qc7 14. h4 d5 15. Qe2 Bf6 16. g4 g6 17.
h5 Qd7 18. Nh2 gxh5 19. g5 Bg7 20. Qxh5 Bc8 21. Be3 Rb8 22. Bd2 dxe4 23. Rad1 exd3 24. cxd3 Qh3 25. Qxh3 Bxh3 26. Nf3 Bxf1 27. Kxf1 Rfd8 28. Ke2 e4 29. dxe4 Bxb2 30. Rh1 b3 31. Bb1 Nc4 32. Bf4 Rb7 33. e5 Re7 34. Bxh7+ Kg7 35. Nh4 Re6 36. Nf5+ Kf8 37. Kf3 Nxe5+ 38. Kg3 Ng6 39. Be3 Rd5 40. Nh6 Bg7 41. Rb1 b2 42. Kf3 c5 43. Ng4 c4 0-1

[Event "*** Titled Tuesday Blitz"]
[Site "Chess.com"]
[Date "2020.04.14"]
[Round "6"]
[White "WeAintSurePal"]
[Black "lokomotiv777"]
[Result "1-0"]
[WhiteElo "2318"]
[BlackElo "2156"]
[TimeControl "180+1"]
[EndTime "11:03:14 PDT"]
[Termination "WeAintSurePal won by resignation"]

1. d4 Nf6 2. Bf4 d6 3. Nc3 g6 4. Qd2 Nc6 5. e4 e5 6. dxe5 Nxe5 7. O-O-O Qe7 8. h4 Be6 9. Bb5+ c6 10. Bf1 O-O-O 11.
f3 h5 12. Nge2 Nc4 13. Qe1 Bg7 14. Nd4 Nb6 15. Bg5 Bc4 16. Kb1 Qe5 17. f4 Qa5 18.
Bxc4 Nxc4 19. Nb3 Qb4 20. e5 dxe5 21. Rxd8+ Rxd8 22. fxe5 Re8 23. Qf2 Ng4 24. Qxf7 Qf8 25. Qxc4 Nxe5 26. Qa4 a6 27. Qa5 Nc4 28. Qa4 Qf7 29.
Na5 Nxb2 30. Kxb2 Re6 31. Nc4 b5 32. Qxa6+ Kb8 33. Qb6+ Kc8 34. Qd8+ Kb7 35. Nd6+ Rxd6 36. Qxd6 Bxc3+ 37. Kxc3 Qc4+ 38. Kb2 Qb4+ 39. Qxb4 Ka6 40. Rd1 1-0

[Event "*** Titled Tuesday Blitz"]
[Site "Chess.com"]
[Date "2020.04.14"]
[Round "6"]
[White "BlackWidow515"]
[Black "DIM90"]
[Result "0-1"]
[WhiteElo "1968"]
[BlackElo "2247"]
[TimeControl "180+1"]
[EndTime "11:03:16 PDT"]
[Termination "DIM90 won by resignation"]

1. e4 e5 2. Nf3 Nf6 3. Nxe5 d6 4. Nf3 Nxe4 5. d4 d5 6. Bd3 Bd6 7. O-O O-O 8. Re1 Bg4 9. Nbd2 f5 10. Nf1 c6 11. Ng3 Nd7 12. c4 Kh8 13. c5 Bc7 14.
b4 Qf6 15. Bb2 Rae8 16. Be2 Qh6 17. Qb3 f4 18. Nf1 Ndf6 19. b5 Bxf3 20. Bxf3 Qh4 21. Re2 Ng4 22. Bxg4 Qxg4 23. f3 Qh5 24. Rae1 Nf6 25. bxc6 bxc6 26. Qb7 Ba5 27. Rxe8 Rxe8 28. Rxe8+ Qxe8 29. Qxa7 Bd2 30. Qa4 Qe1 31. Qa6 Be3+ 32. Kh1 Qf2 33. Nxe3 fxe3 34. Bc3 e2 35. h3 Qf1+ 36.
Kh2 e1=Q 37. Qa8+ Qe8 38. Qxc6 Qxc6 0-1